 Dungeon Crawl Stone Soup version 0.28.0-47-ge53b351184 (webtiles) character file.

Game seed: 14376540166873026761

8163 pkoi the Martial Artist (level 10, -7/81 HPs)
             Began as a Demigod Gladiator on May 2, 2022.
             Shot with an arrow by a centaur warrior (12 damage)
             ... on level 9 of the Dungeon.
             The game lasted 00:24:25 (17766 turns).

pkoi the Martial Artist (Demigod Gladiator)        Turns: 17766, Time: 00:24:26

Health: -7/81      AC: 16    Str: 18    XL:     10   Next: 78%
Magic:  7/20       EV: 12    Int: 22    God:
Gold:   1183       SH:  0    Dex: 15    Spells: 1/17 levels left

rFire   + . .      SeeInvis .     - Unarmed
rCold   + . .      Faith    .   (no shield)
rNeg    + . .      Spirit   .   t - +2 robe {rN+}
rPois   .          Reflect  .   b - +1 helmet
rElec   .          Harm     .   (no cloak)
rCorr   +          Rampage  .   x - +2 pair of gloves
Will    +....                   B - +1 pair of boots
Stlth   +.........              (no amulet)
HPRegen 0.23/turn               n - ring "Garromnarut" {rF+ rCorr Str+5}
MPRegen 0.17/turn               r - +4 ring of protection

@: no status effects
A: high MP 1, forlorn, divine attributes, cold resistance 1, mutation resistance
1, weak 1
a: no special abilities


You were on level 9 of the Dungeon.
You visited 2 branches of the dungeon, and saw 10 of its levels.

You collected 1183 gold pieces.

Inventory:

Hand Weapons
 e - a +3 short sword of venom
 w - a +1 rapier of speed
Missiles
 c - 4 throwing nets
 s - 14 poisoned darts (quivered)
Armour
 b - a +1 helmet (worn)
 t - a +2 robe of positive energy (worn)
 x - a +2 pair of gloves (worn)
 B - a +1 pair of boots (worn)
Jewellery
 j - a +4 ring of evasion
 n - the ring "Garromnarut" (left hand) {rF+ rCorr Str+5}
   (You acquired it on level 6 of the Dungeon)

   [ring of protection from fire]

   Str:       It affects your strength (+5).
   rF:        It protects you from fire.
   rCorr:     It protects you from acid and corrosion.
 q - a +6 ring of dexterity
 r - a +4 ring of protection (right hand)
Wands
 i - a wand of polymorph (11)
 l - a wand of paralysis (4)
 o - a wand of iceblast (8)
 p - a wand of digging (3)
Scrolls
 a - 2 scrolls of fog
 h - a scroll of enchant armour
 m - 10 scrolls of identify
 v - 5 scrolls of teleportation
 y - a scroll of blinking
Potions
 d - 2 potions of magic
 f - 2 potions of degeneration
 g - 3 potions of curing
 k - a potion of heal wounds
 u - a potion of mutation
 z - a potion of ambrosia {unknown}
 A - a potion of attraction {unknown}


   Skills:
 + Level 5.0 Fighting
 - Level 1.7 Throwing
 + Level 5.4 Armour
 - Level 2.6 Dodging
 * Level 8.4 Unarmed Combat
 + Level 4.3 Spellcasting
 + Level 4.6 Conjurations
 - Level 3.0 Hexes
 - Level 3.0 Translocations
 + Level 4.0 Fire Magic
 - Level 3.0 Air Magic
 + Level 1.5 Poison Magic
 + Level 5.1 Evocations


You had one spell level left.
You knew the following spells:

 Your Spells              Type           Power      Damage    Failure   Level
a - Blink                 Tloc           34%        N/A       4%          2
b - Static Discharge      Conj/Air       21%        N/A       3%          2
c - Confusing Touch       Hex            17%        N/A       10%         3
d - Sticky Flame          Conj/Fire      23%        2d4       19%         4
e - Inner Flame           Hex/Fire       20%        N/A       8%          3
f - Poisonous Vapours     Pois/Air       28%        N/A       6%          2

Your spell library contained the following spells:

 Spells                   Type           Power      Damage    Failure   Level
 Apportation              Tloc           34%        N/A       3%          1
 Slow                     Hex            68%        N/A       3%          1
 Animate Skeleton         Necr           8%         N/A       11%         1
 Sandblast                Erth           8%         2d5       11%         1
 Corpse Rot               Necr/Air       22%        N/A       9%          2
 Gell's Gravitas          Tloc           17%        N/A       10%         3
 Lesser Beckoning         Tloc           17%        N/A       10%         3
 Portal Projectile        Hex/Tloc       34%        N/A       10%         3
 Teleport Other           Tloc           17%        N/A       10%         3
 Stone Arrow              Conj/Erth      28%        3d8       13%         3
 Passwall                 Tmut/Erth      3%         N/A       16%         2
 Cause Fear               Hex            8%         N/A       30%         4
 Call Canine Familiar     Summ           4%         N/A       32%         3
 Vampiric Draining        Necr           4%         2d6       32%         3
 Leda's Liquefaction      Hex/Erth       5%         N/A       50%         4
 Manifold Assault         Tloc           17%        N/A       65%         5
 Dispel Undead            Necr           4%         3d7       71%         4
 Discord                  Hex            8%         N/A       100%        8


Dungeon Overview and Level Annotations

Branches:
Dungeon (9/15)             Temple (1/1) D:4            Lair (0/6) D:9
    Orc: D:9-12

Annotations:
D:4 1 runed translucent door, khangoldenlief's ghost, amateur DjWz


Innate Abilities, Weirdness & Mutations

You have an increased reservoir of magic. (+10% MP)
You shall have no god before yourself.
Your divine heritage dramatically boosts your attributes as you level up.
Your flesh is cold resistant. (rC+)
You are somewhat resistant to further mutation.
You are weak. (Str -2)


Message History

Confirm with . or Enter, or press ? or * to list all spells.
Aiming: Inner Flame (dangerous; 8% risk of failure)
Press: ? - help, Dir - move target, f/p - death knight
Aim: a death knight, wielding a +2 battleaxe and wearing a +0 chain mail (chance to affect: 25%)
The death knight resists with almost no effort.
The centaur warrior shouts!
The centaur warrior wields a +0 shortbow.
The centaur warrior shoots an arrow.
The arrow hits you!
Casting: Inner Flame (dangerous; 8% risk of failure)
Confirm with . or Enter, or press ? or * to list all spells.
Aiming: Inner Flame (dangerous; 8% risk of failure)
Press: ? - help, Dir - move target, f/p - death knight
Aim: a death knight, wielding a +2 battleaxe and wearing a +0 chain mail (chance to affect: 25%)
The death knight resists with almost no effort.
The centaur warrior shoots an arrow.
The arrow hits you but does no damage.
Unknown command.
Casting: Inner Flame (dangerous; 8% risk of failure)
Confirm with . or Enter, or press ? or * to list all spells.
Aiming: Inner Flame (dangerous; 8% risk of failure)
Press: ? - help, Dir - move target, f/p - death knight
Aim: a death knight, wielding a +2 battleaxe and wearing a +0 chain mail (chance to affect: 25%)
The death knight resists with almost no effort.
Unknown command.
The centaur warrior shoots an arrow.
The arrow hits you.
You see here 3 large rocks.
The centaur warrior shoots an arrow.
The arrow hits you.
The centaur warrior shoots an arrow.
The arrow barely misses you.
The centaur warrior shoots an arrow.
The arrow hits you!!
* * * LOW HITPOINT WARNING * * *
The centaur warrior shoots an arrow.
The arrow closely misses you.
The death knight hits you with a +2 battleaxe!!
* * * LOW HITPOINT WARNING * * *
Your magical contamination has completely faded away.
The centaur warrior shoots an arrow.
The arrow hits you!
* * * LOW HITPOINT WARNING * * *
The centaur warrior shoots an arrow.
The arrow hits you!
* * * LOW HITPOINT WARNING * * *
The death knight offers itself to Yredelemnul, and fills with unholy energy.
The centaur warrior shoots an arrow.
The arrow hits you!
You die...

....# #.....##......###.......#..
.#... .....###........<..#....#.[
.#...#......##...).....###.......
.#.....##...#...........#####[...
... ...................###[.[.
....#...........#...........[....
....... #.......##......##.......
... #.###....##.........##....[..
...##..#...## #.@.............#..
...#........###............####..
.............p...............###.
......###.........####...........
.......#..........##.#.......#...
......##.........................
......##.c.#............^........
......[(..###....................
........### ##...................


You could see a death knight (reflects damage) and a centaur warrior.

Vanquished Creatures
  A two-headed ogre (D:8)
  A tengu warrior (D:8)
  Pikel (D:9)
  A cyclops (D:9)
  Grinder (D:5)
  Prince Ribbit (D:5)
  A troll (D:9)
  3 wyverns (D:9)
  4 yaks (D:9)
  4 water moccasins
  Duvessa (D:6)
  Pargi (D:3)
  2 orc warriors
  2 black bears
  An ice beast (D:6)
  2 ogres
  3 centaurs
  8 bullfrogs
  Blork the orc (D:4)
  3 scorpions (D:5)
  Dowan (D:6)
  A water moccasin skeleton (D:6)
  15 killer bees
  12 wights
  A howler monkey (D:9)
  A centaur zombie (D:8)
  4 hounds
  A bullfrog skeleton (D:7)
  3 centaur skeletons
  4 orc priests
  A gnoll shaman (D:8)
  An iron imp (D:9)
  A jelly (D:6)
  4 iguanas
  6 orc wizards
  A killer bee zombie (D:8)
  A hound skeleton (D:4)
  A howler monkey zombie (D:8)
  12 gnolls
  6 adders
  2 white imps
  2 ufetubi (D:5)
  3 adder skeletons
  5 worms
  5 dart slugs
  34 orcs
  7 ball pythons
  9 endoplasms
  2 giant cockroaches (D:1)
  3 hobgoblins
  3 jackals (D:1)
  6 kobolds
  3 quokkas
  15 bats
  3 frilled lizards
  5 goblins
  8 rats
234 creatures vanquished.

Vanquished Creatures (others)
  8 fungi
  25 plants
33 creatures vanquished.

Grand Total: 267 creatures vanquished

Notes
Turn   | Place    | Note
-------+----------+-------------------------------------------
     0 | D:1      | pkoi the Demigod Gladiator began the quest for the Orb.
     0 | D:1      | Reached XP level 1. HP: 17/17 MP: 3/3
   452 | D:1      | Reached skill level 3 in Unarmed Combat
   578 | D:1      | Reached XP level 2. HP: 24/24 MP: 4/4
  1353 | D:1      | Reached skill level 1 in Armour
  1693 | D:2      | Reached XP level 3. HP: 21/29 MP: 5/5
  3325 | D:3      | Learned a level 2 spell: Blink
  3358 | D:3      | Reached XP level 4. HP: 22/37 MP: 6/6
  3902 | D:4      | Noticed a bullfrog
  3916 | D:4      | Killed a bullfrog
  3917 | D:4      | Reached skill level 1 in Evocations
  4005 | D:4      | Noticed Pargi
  4094 | D:3      | Killed Pargi
  4095 | D:3      | Reached skill level 4 in Unarmed Combat
  4095 | D:3      | Reached skill level 1 in Translocations
  4095 | D:3      | Reached XP level 5. HP: 38/44 MP: 7/9
  4188 | D:4      | Found a staircase to the Ecumenical Temple.
  4216 | Temple   | Entered the Ecumenical Temple
  4383 | D:4      | Noticed khangoldenlief's ghost (amateur DjWz)
  4411 | D:4      | Found a runed translucent door.
  4420 | D:4      | Reached skill level 1 in Spellcasting
  4500 | D:4      | Identified a scroll of acquirement
  4504 | D:4      | Learned a level 2 spell: Static Discharge
  4577 | D:4      | Noticed a black bear
  4601 | D:4      | Killed a black bear
  4602 | D:4      | Reached XP level 6. HP: 43/51 MP: 10/10
  5125 | D:5      | Entered Level 5 of the Dungeon
  5273 | D:5      | Noticed Blork the orc
  5287 | D:4      | Killed Blork the orc
  5288 | D:4      | Reached skill level 1 in Conjurations
  5630 | D:5      | Reached skill level 1 in Air Magic
  5692 | D:5      | Reached XP level 7. HP: 55/57 MP: 12/12
  5822 | D:5      | Reached skill level 5 in Unarmed Combat
  6307 | D:5      | Noticed Grinder
  6352 | D:5      | Paralysed by Grinder for 2 turns
  6354 | D:5      | Killed Grinder
  6400 | D:5      | Learned a level 3 spell: Confusing Touch
  6594 | D:5      | Noticed Prince Ribbit
  6663 | D:5      | Killed Prince Ribbit
  6664 | D:5      | Reached XP level 8. HP: 23/63 MP: 14/14
  7002 | D:5      | Reached skill level 1 in Hexes
  7859 | D:5      | Reached skill level 6 in Unarmed Combat
  8361 | D:5      | Got Sif Muna's Collected Works on the Traveller
  8363 | D:5      | Got Sif Muna's Disquisition on Evil Rites
  8372 | D:5      | Learned a level 4 spell: Sticky Flame
 10042 | D:6      | Noticed Duvessa
 10043 | D:6      | Noticed Dowan
 10062 | D:6      | Killed Duvessa
 10063 | D:6      | Reached skill level 1 in Fire Magic
 10070 | D:6      | Gained mutation: You are weak. (Str -2) [potion of
                  | mutation]
 10070 | D:6      | Gained mutation: Your flesh is cold resistant. (rC+)
                  | [potion of mutation]
 10070 | D:6      | Gained mutation: You are somewhat resistant to further
                  | mutation. [potion of mutation]
 10073 | D:6      | Killed Dowan
 10642 | D:7      | Reached XP level 9. HP: 70/70 MP: 16/16
 10956 | D:6      | Acquired 503 gold pieces
 10958 | D:6      | Acquired the ring "Garromnarut" {rF+ rCorr Str+5}
 11313 | D:6      | Learned a level 3 spell: Inner Flame
 12092 | D:8      | Noticed a tengu warrior
 12109 | D:8      | Killed a tengu warrior
 12110 | D:8      | Reached skill level 7 in Unarmed Combat
 14621 | D:9      | Noticed Pikel
 14634 | D:9      | Killed Pikel
 14635 | D:9      | Reached XP level 10. HP: 48/80 MP: 8/19
 15229 | D:9      | Reached skill level 5 in Armour
 15503 | D:8      | Learned a level 2 spell: Poisonous Vapours
 15558 | D:9      | Reached skill level 8 in Unarmed Combat
 15571 | D:9      | Noticed a two-headed ogre
 15571 | D:9      | Noticed a death knight
 16047 | D:9      | Found a staircase to the Lair.
 16420 | D:8      | Killed a two-headed ogre
 16421 | D:8      | Reached skill level 1 in Poison Magic
 16421 | D:8      | Reached skill level 5 in Evocations
 17110 | D:9      | Reached skill level 5 in Fighting
 17554 | D:9      | Noticed a cyclops
 17565 | D:9      | Killed a cyclops
 17753 | D:9      | Noticed a centaur warrior
 17766 | D:9      | Shot with an arrow by a centaur warrior

Illustrated notes

Levels and vault maps discovered:
D:1:      psy_arrival_wood_between_worlds, layout_loops_ring,
          shapermc_ecumenical_altar_totnotflames, kennysheep_boxes
D:2:      wander_river, layout_basic, minmay_tetromino_l4
D:3:      layout_basic, overflow_temple_1_default
D:4:      layout_gridville, mainiacjoe_overflow_alcove_1,
          minmay_temple_entry_antechambers, hellmonk_ghost_happy_afterlife,
          uniq_pargi
D:5:      old_forge, layout_loops_ring, nicolae_sif_muna_little_library,
          lemuel_doored_altar, kennysheep_diamond, lemuel_old_faithful,
          uniq_blork_the_orc, uniq_prince_ribbit1, uniq_grinder
D:6:      layout_loops_ring, nicolae_hepliaklqana_hazy_memory,
          nicolae_gozag_cash_rules_everything_around_me,
          mainiacjoe_overflow_small_starburst, minivault_22,
          minmay_misc_feat_more_columns, uniq_duvessa
D:7:      hangedman_cross_stitches, layout_rooms,
          nicolae_wu_jian_immortal_techniques
D:8:      layout_loops_ring, nicolae_ru_great_annihilating_truth,
          kennysheep_cross_room
D:9:      layout_cave_pools, general_overflow_altar, kennysheep_mini_moat,
          slow_altar_1, minmay_lair_entry_grove, minmay_radiant, uniq_pikel
Temple:   compressed_dpeg_triangle_lava_temple

Skill      XL: |  1  2  3  4  5  6  7  8  9 10 |
---------------+-------------------------------+-----
Fighting       | 2 3 4 5 |  5.0
Unarmed Combat | 3 4 5 6 7 8 |  8.4
Armour         | 1 2 3 4 5 |  5.4
Evocations     | 1 2 3 4 5 |  5.1
Translocations | 1 2 3 |  3.0
Spellcasting   | 1 2 3 4 |  4.3
Conjurations   | 1 2 3 4 |  4.6
Air Magic      | 1 2 3 |  3.0
Hexes          | 2 3 |  3.0
Fire Magic     | 1 3 4 |  4.0
Poison Magic   | 1 |  1.5
Throwing       | |  1.7
Dodging        | |  2.6

Action                   |  1- 3 |  4- 6 |  7- 9 | 10-12 || total
-------------------------+-------+-------+-------+-------++-------
Melee: Short sword       |   117 |   122 |   310 |       ||   549
       Unarmed           |    12 |       |   263 |    52 ||   327
       Punch             |     6 |     6 |    21 |     1 ||    34
Throw: Throwing net      |     1 |       |       |       ||     1
 Cast: Inner Flame       |       |       |    26 |    26 ||    52
       Confusing Touch   |       |       |     4 |       ||     4
       Poisonous Vapours |       |       |       |     4 ||     4
Evoke: Wand              |       |     3 |     9 |     1 ||    13
  Use: Scroll            |     3 |     3 |    11 |       ||    17
       Potion            |       |       |     4 |       ||     4
 Stab: Sleeping          |     1 |       |     2 |       ||     3
       Paralysed         |       |     8 |    11 |       ||    19
       Held in net/web   |       |       |     1 |       ||     1
       Confused          |       |       |     5 |       ||     5
Armor: Leather armour    |    18 |     9 |       |       ||    27
       Ring mail         |    19 |    36 |       |       ||    55
       Robe              |       |     4 |   260 |    43 ||   307
Dodge: Dodged            |    69 |   124 |   480 |    84 ||   757
